AoeStats
← TheKingThorag

Arabia

510280695Analyzed
1v1 RM · 3d ago on Sep 30, 2026· 26m 5s· 2 players
Game mode
Random Map
Map size
Tiny (2 player)
Population
200
Speed
Normal
Resources
Standard
Victory
Conquest
Starting age
Dark Age
Ending age
Imperial Age
RankedLock teamsTeams togetherTeam positionsShared explorationLock speedFull tech treeHidden civsTurbo modeCheats
Victory
Defeat
🇮🇳 Gurjaras · India
1347
+14
🇩🇪 Khmer · Germany
1304
-14
TheKingThorag
7:01 Loom
9:31 Feudal Age
10:53 Double-Bit Axe
11:09 Horse Collar
11:51 Town Watch
14:47 Wheelbarrow
21:44 Castle Age
19:45 Gold Mining
20:53 Bloodlines
21:15 Forging
21:11 Scale Barding Armor
21:49 Light Cavalry
23:07 Iron Casting
24:23 Bow Saw
Niazniaz
5:06 Loom
10:00 Feudal Age
10:52 Double-Bit Axe
11:11 Horse Collar
11:46 Town Watch
21:52 Castle Age
20:16 Gold Mining
21:04 Scale Barding Armor
21:10 Bloodlines
22:57 Chain Barding Armor
22:54 Husbandry
22:58 Light Cavalry
24:04 Heavy Plow
24:24 Bow Saw
Connection lost

Rejoining the realm…

Still unreachable

The connection could not be restored.

Session expired

The server has moved on; the page needs a fresh start.